[ AOE2 MATCH · #499714036 ]
UnrankedPoles vs Wu
[ REPLAY ANALYSIS · EXTRACTED FROM THE RECORDED GAME ]
Feudal
18:18
Castle
25:16
Imperial
40:40
| APM avg | 17.0 |
| APM peak | 41 |
| eAPM avg | 9.3 |
| Villagers / military | 126 / 148 |
Focus
⚔️ 31.5% · 🌾 68.5%
Knight ×131 · Obuch ×11 · Militia ×3 · Scout Cavalry ×2 · Monk ×1
Feudal
17:35
Castle
29:45
Imperial
—
| APM avg | 13.2 |
| APM peak | 34 |
| eAPM avg | 8.1 |
| Villagers / military | 38 / 43 |
Focus
⚔️ 21.3% · 🌾 78.7%
Militia ×25 · Spearman ×15 · Unknown (1974) ×10 · Unknown (1968) ×5 · Monk ×2 · Mangonel ×1
Feudal
17:00
Castle
21:05
Imperial
42:06
| APM avg | 29.4 |
| APM peak | 76 |
| eAPM avg | 15.1 |
| Villagers / military | 99 / 5 |
Focus
⚔️ 34.6% · 🌾 65.4%
Unknown (1944) ×133 · Unknown (1952) ×51 · Unknown (1949) ×17 · Archer ×4 · Scout Cavalry ×1
Feudal
13:40
Castle
23:50
Imperial
34:04
| APM avg | 34.2 |
| APM peak | 77 |
| eAPM avg | 20.4 |
| Villagers / military | 149 / 228 |
Focus
⚔️ 23.0% · 🌾 77.0%
Archer ×98 · Spearman ×63 · Scout Cavalry ×59 · Battering Ram ×5 · Trebuchet (Packed) ×2 · Monk ×1
Feudal
14:39
Castle
22:37
Imperial
39:10
| APM avg | 20.7 |
| APM peak | 53 |
| eAPM avg | 15.8 |
| Villagers / military | 108 / 154 |
Focus
⚔️ 51.1% · 🌾 48.9%
Militia ×66 · Spearman ×40 · Boyar ×24 · Battering Ram ×20 · Trebuchet (Packed) ×2 · Monk ×1
Feudal
14:16
Castle
25:40
Imperial
—
| APM avg | 16.1 |
| APM peak | 40 |
| eAPM avg | 10.8 |
| Villagers / military | 64 / 21 |
Focus
⚔️ 28.6% · 🌾 71.4%
Skirmisher ×7 · Scout Cavalry ×6 · Steppe Lancer ×4 · Archer ×3 · Fire Lancer ×1
Feudal
13:51
Castle
28:40
Imperial
39:02
| APM avg | 22.4 |
| APM peak | 51 |
| eAPM avg | 15.1 |
| Villagers / military | 95 / 72 |
Focus
⚔️ 33.7% · 🌾 66.3%
Skirmisher ×62 · Spearman ×10
Feudal
13:34
Castle
23:41
Imperial
46:26
| APM avg | 29.3 |
| APM peak | 89 |
| eAPM avg | 14.5 |
| Villagers / military | 94 / 172 |
Focus
⚔️ 32.2% · 🌾 67.8%
Steppe Lancer ×83 · Camel Scout ×63 · Mangudai ×10 · Scout Cavalry ×7 · Battering Ram ×6 · Monk ×3
Match map
Initial resources + every placement click. Lines = walls · curves = elevation contours. ◆ gold · ⬟ stone · ● berries · ✦ relic · ◌ wall gap
Your base· Open — 4t gap
Shalashaska's base· Open — unwalled flank
Imtrashataoe's base· Open — 8t gap
CDLP_Themachine's base· Open — unwalled flank
chi11ed dude's base· ✓ Closed at 22:37 · 6t walls · 1 gate(s)
セバスティアン's base· Open — 4t gap
squeezecheese21's base· Open — 14t gap
Hellskitchen532's base· Open — unwalled flank
Smoothed initial terrain · ◌ = detected wall gap · hover for details
Inputs per minute
— Le$bean - - Shalashaska
Build order — Le$bean
First 150 of 228 actions detected
| 2:10 | Build | Town Center |
| 4:05 | Build | House |
| 4:11 | Build | House |
| 4:14 | Create | Villager (Male) |
| 4:15 | Create | Villager (Male) |
| 4:15 | Create | Villager (Male) |
| 4:15 | Create | Villager (Male) |
| 4:15 | Create | Villager (Male) |
| 5:42 | Research | Loom |
| 5:56 | Create | Villager (Male) |
| 6:45 | Create | Villager (Male) |
| 7:25 | Create | Villager (Male) |
| 7:48 | Create | Villager (Male) |
| 7:48 | Create | Villager (Male) |
| 8:17 | Create | Villager (Male) |
| 8:17 | Create | Villager (Male) |
| 8:41 | Build | Mill |
| 9:35 | Create | Villager (Male) ×2 |
| 9:52 | Build | House |
| 9:56 | Build | House |
| 10:13 | Create | Villager (Male) ×2 |
| 10:39 | Build | House |
| 10:45 | Build | House |
| 10:47 | Build | House |
| 10:48 | Build | House |
| 10:49 | Build | House |
| 10:56 | Create | Villager (Male) ×2 |
| 10:56 | Create | Villager (Male) ×2 |
| 11:06 | Build | Farm |
| 11:07 | Build | Farm |
| 11:08 | Build | Farm |
| 11:09 | Build | Farm |
| 11:11 | Build | Farm |
| 11:12 | Build | Farm |
| 11:45 | Create | Villager (Male) ×3 |
| 12:24 | Create | Villager (Male) |
| 13:09 | Build | Farm |
| 13:10 | Build | Farm |
| 13:12 | Build | Farm |
| 13:14 | Build | Farm |
| 13:15 | Build | Farm |
| 13:16 | Build | Farm |
| 13:50 | Build | Lumber Camp |
| 14:22 | Build | Barracks |
| 14:28 | Create | Villager (Male) ×5 |
| 14:28 | Create | Villager (Male) ×5 |
| 15:30 | Research | Feudal Age |
| 15:34 | Create | Villager (Male) |
| 15:35 | Create | Villager (Male) |
| 15:35 | Create | Villager (Male) |
| 15:35 | Create | Villager (Male) |
| 16:02 | Research | Feudal Age |
| 16:27 | Build | Palisade Gate |
| 16:33 | Build | Palisade Wall |
| 17:43 | Build | Farm |
| 17:45 | Build | Farm |
| 17:47 | Build | Farm |
| 17:48 | Build | Farm |
| 18:15 | Build | Mill |
| 18:18 | Age | Feudal Age |
| 18:21 | Build | Farm |
| 18:22 | Build | Farm |
| 18:23 | Build | Farm |
| 18:24 | Build | Farm |
| 18:27 | Create | Villager (Male) ×5 |
| 18:28 | Create | Villager (Male) ×4 |
| 18:28 | Create | Villager (Male) ×4 |
| 18:41 | Research | Double-Bit Axe |
| 18:49 | Build | Stable |
| 19:44 | Research | Horse Collar |
| 19:48 | Build | Farm |
| 19:51 | Create | Scout Cavalry |
| 19:52 | Create | Scout Cavalry |
| 20:08 | Build | Farm |
| 20:39 | Build | Farm |
| 20:55 | Build | Mining Camp |
| 21:16 | Build | Blacksmith |
| 21:45 | Research | Bloodlines |
| 22:36 | Research | Castle Age |
| 24:22 | Build | Mill |
| 24:25 | Build | Farm |
| 24:32 | Build | Farm |
| 24:33 | Build | Farm |
| 24:35 | Build | Farm |
| 24:37 | Build | Farm |
| 24:38 | Build | Farm |
| 24:39 | Build | Farm |
| 25:11 | Create | Villager (Male) ×5 |
| 25:12 | Create | Villager (Male) ×5 |
| 25:16 | Age | Castle Age |
| 26:32 | Build | Castle |
| 26:45 | Build | Gate |
| 26:52 | Build | Stone Wall |
| 27:05 | Research | Heavy Plow |
| 27:20 | Build | Mining Camp |
| 29:45 | Build | Town Center |
| 30:20 | Build | Stone Wall |
| 30:27 | Build | Stone Wall |
| 30:32 | Build | Stone Wall |
| 31:00 | Build | Stone Wall |
| 31:09 | Create | Villager (Male) ×5 |
| 31:10 | Create | Villager (Male) ×5 |
| 31:10 | Create | Villager (Male) ×5 |
| 31:10 | Create | Villager (Male) ×5 |
| 31:15 | Create | Villager (Male) ×5 |
| 31:15 | Create | Villager (Male) ×5 |
| 31:16 | Create | Villager (Male) ×5 |
| 31:16 | Create | Villager (Male) ×5 |
| 31:23 | Research | Szlachta Privileges |
| 32:01 | Create | Militia |
| 32:01 | Create | Militia |
| 32:02 | Create | Militia |
| 32:35 | Research | Bow Saw |
| 32:57 | Create | Obuch |
| 32:58 | Create | Obuch |
| 32:58 | Create | Obuch |
| 32:58 | Create | Obuch |
| 32:59 | Create | Obuch |
| 32:59 | Create | Obuch |
| 32:59 | Create | Obuch |
| 33:01 | Create | Obuch |
| 33:02 | Create | Obuch |
| 33:02 | Create | Obuch |
| 33:02 | Create | Obuch |
| 33:24 | Build | Gate |
| 33:28 | Build | Stone Wall |
| 33:54 | Build | Stone Wall |
| 33:57 | Build | Gate |
| 34:03 | Build | Stone Wall |
| 34:04 | Build | Stone Wall |
| 35:01 | Build | Lumber Camp |
| 35:37 | Build | Stable |
| 35:38 | Build | Stable |
| 35:40 | Build | Stable |
| 35:47 | Build | Stable |
| 36:28 | Build | House |
| 36:30 | Build | House |
| 36:34 | Build | House |
| 36:46 | Create | Knight ×5 |
| 36:46 | Create | Knight ×5 |
| 36:47 | Create | Knight ×5 |
| 36:47 | Create | Knight ×5 |
| 36:53 | Research | Imperial Age |
| 37:03 | Build | Farm |
| 37:03 | Build | Farm |
| 37:05 | Build | Farm |
| 37:05 | Build | Farm |
| 37:06 | Build | Farm |
| 37:09 | Build | Farm |
| 37:21 | Build | Farm |
Build order — Shalashaska
First 150 of 173 actions detected
| 0:53 | Build | Palisade Wall |
| 2:28 | Build | Town Center |
| 2:42 | Build | House |
| 4:02 | Build | House |
| 5:11 | Research | Loom |
| 5:12 | Create | Villager (Male) |
| 5:12 | Create | Villager (Male) |
| 5:13 | Create | Villager (Male) |
| 5:13 | Create | Villager (Male) |
| 5:13 | Create | Villager (Male) |
| 5:46 | Build | House |
| 7:08 | Create | Villager (Male) |
| 7:08 | Create | Villager (Male) |
| 8:04 | Create | Villager (Male) |
| 8:34 | Create | Villager (Male) |
| 8:34 | Create | Villager (Male) |
| 9:10 | Create | Villager (Male) |
| 9:10 | Create | Villager (Male) |
| 9:10 | Create | Villager (Male) |
| 9:58 | Create | Villager (Male) |
| 10:18 | Build | Lumber Camp |
| 10:41 | Build | Mill |
| 10:49 | Create | Villager (Male) |
| 10:49 | Create | Villager (Male) |
| 10:50 | Create | Villager (Male) |
| 11:23 | Build | House |
| 11:56 | Create | Villager (Male) |
| 11:57 | Create | Villager (Male) |
| 12:26 | Create | Villager (Male) |
| 13:03 | Create | Villager (Male) |
| 13:37 | Build | House |
| 13:50 | Create | Villager (Male) |
| 14:21 | Build | Farm |
| 14:22 | Build | Farm |
| 14:22 | Build | Farm |
| 14:22 | Build | Farm |
| 14:22 | Build | Farm |
| 15:15 | Build | Lumber Camp |
| 15:25 | Research | Feudal Age |
| 16:10 | Build | Mill |
| 16:49 | Build | Barracks |
| 17:35 | Age | Feudal Age |
| 17:39 | Create | Militia |
| 17:39 | Create | Militia |
| 17:39 | Create | Militia |
| 17:39 | Create | Militia |
| 17:55 | Create | Villager (Male) |
| 17:55 | Create | Villager (Male) |
| 18:12 | Build | Market |
| 18:21 | Build | Barracks |
| 18:27 | Research | Double-Bit Axe |
| 19:05 | Research | Man-at-Arms (upgrade) |
| 19:57 | Create | Militia |
| 19:58 | Create | Militia |
| 20:31 | Build | Blacksmith |
| 20:34 | Build | Farm |
| 20:34 | Build | Farm |
| 20:35 | Build | Farm |
| 20:35 | Build | Farm |
| 20:35 | Build | Farm |
| 20:36 | Build | Farm |
| 20:36 | Build | Farm |
| 20:51 | Research | Horse Collar |
| 21:09 | Research | Arson |
| 21:53 | Build | Farm |
| 21:54 | Build | Farm |
| 21:54 | Build | Farm |
| 21:54 | Build | Farm |
| 21:55 | Build | Farm |
| 21:55 | Build | Farm |
| 22:20 | Create | Villager (Male) |
| 22:20 | Create | Villager (Male) |
| 22:20 | Create | Villager (Male) |
| 22:21 | Create | Villager (Male) |
| 22:27 | Build | House |
| 22:36 | Build | House |
| 22:37 | Build | House |
| 22:38 | Build | House |
| 22:40 | Build | House |
| 23:01 | Build | Stone Wall |
| 24:17 | Research | Scale Mail Armor |
| 24:17 | Research | Forging |
| 24:34 | Create | Militia ×4 |
| 25:46 | Create | Villager (Male) |
| 25:46 | Create | Villager (Male) |
| 27:05 | Research | Castle Age |
| 27:14 | Build | Watch Tower |
| 28:34 | Create | Militia ×5 |
| 28:34 | Create | Militia ×5 |
| 29:36 | Create | Militia ×5 |
| 29:45 | Age | Castle Age |
| 30:03 | Build | House |
| 30:38 | Build | House |
| 30:39 | Build | House |
| 30:40 | Build | House |
| 31:26 | Build | House |
| 31:28 | Build | House |
| 31:29 | Build | House |
| 31:31 | Build | House |
| 31:33 | Build | House |
| 31:57 | Research | Heavy Plow |
| 32:01 | Research | Bow Saw |
| 33:50 | Build | House |
| 33:51 | Build | House |
| 33:52 | Build | House |
| 33:53 | Build | House |
| 33:56 | Build | House |
| 33:57 | Build | House |
| 33:59 | Build | House |
| 34:00 | Build | House |
| 34:01 | Build | House |
| 34:01 | Build | House |
| 34:02 | Build | House |
| 34:03 | Build | House |
| 34:05 | Build | House |
| 34:06 | Build | House |
| 34:07 | Build | House |
| 34:09 | Build | House |
| 34:10 | Build | House |
| 34:12 | Build | House |
| 34:14 | Build | House |
| 34:15 | Build | House |
| 34:17 | Build | House |
| 34:19 | Build | House |
| 34:22 | Build | House |
| 34:35 | Create | Villager (Male) |
| 34:36 | Create | Villager (Male) |
| 34:36 | Create | Villager (Male) |
| 34:36 | Create | Villager (Male) |
| 34:36 | Create | Villager (Male) |
| 34:37 | Create | Villager (Male) |
| 34:44 | Build | Mining Camp |
| 35:07 | Research | Chain Mail Armor |
| 35:08 | Research | Iron Casting |
| 35:13 | Research | Squires |
| 36:17 | Build | House |
| 36:25 | Build | House |
| 36:35 | Build | Stone Wall |
| 37:20 | Research | Long Swordsman (upgrade) |
| 37:44 | Build | Stone Wall |
| 37:50 | Build | Stone Wall |
| 38:27 | Create | Unit 1974 ×5 |
| 38:31 | Create | Unit 1974 ×5 |
| 38:47 | Create | Villager (Male) |
| 38:47 | Create | Villager (Male) |
| 39:36 | Build | House |
| 39:38 | Build | House |
| 39:40 | Build | House |
| 39:42 | Build | House |
| 39:42 | Build | House |
Build order — Imtrashataoe
First 150 of 392 actions detected
| 1:09 | Build | Town Center |
| 2:22 | Build | Town Center |
| 4:32 | Create | Villager (Male) |
| 4:32 | Create | Villager (Male) |
| 4:32 | Create | Villager (Male) |
| 4:33 | Create | Villager (Male) |
| 4:42 | Research | Loom |
| 4:48 | Create | Villager (Male) |
| 4:48 | Create | Villager (Male) |
| 5:34 | Build | House |
| 5:36 | Build | House |
| 6:21 | Create | Villager (Male) |
| 6:23 | Create | Villager (Male) |
| 7:39 | Create | Villager (Male) |
| 7:43 | Create | Villager (Male) |
| 7:43 | Create | Villager (Male) |
| 8:12 | Create | Villager (Male) |
| 8:12 | Create | Villager (Male) |
| 8:23 | Build | Lumber Camp |
| 8:31 | Build | House |
| 8:33 | Build | House |
| 9:11 | Create | Villager (Male) |
| 9:12 | Create | Villager (Male) |
| 9:29 | Build | House |
| 9:36 | Create | Villager (Male) |
| 10:14 | Create | Villager (Male) |
| 10:14 | Create | Villager (Male) |
| 10:24 | Build | Mill |
| 11:22 | Create | Villager (Male) |
| 11:22 | Create | Villager (Male) |
| 11:22 | Create | Villager (Male) |
| 11:24 | Create | Villager (Male) |
| 11:39 | Build | Mill |
| 11:56 | Build | Mill |
| 12:03 | Create | Villager (Male) |
| 12:44 | Create | Villager (Male) |
| 13:32 | Build | Mining Camp |
| 13:37 | Create | Villager (Male) |
| 13:38 | Create | Villager (Male) |
| 14:12 | Create | Villager (Male) |
| 14:50 | Research | Feudal Age |
| 15:48 | Create | Villager (Male) |
| 15:49 | Create | Villager (Male) |
| 15:59 | Build | Farm |
| 17:00 | Age | Feudal Age |
| 17:05 | Build | Market |
| 17:08 | Build | Blacksmith |
| 17:24 | Build | Mining Camp |
| 17:46 | Create | Villager (Male) |
| 18:25 | Research | Castle Age |
| 19:00 | Research | Double-Bit Axe |
| 19:20 | Research | Horse Collar |
| 19:27 | Build | Farm |
| 19:53 | Build | Farm |
| 20:14 | Build | Stone Wall |
| 20:21 | Build | Stone Wall |
| 20:25 | Build | Gate |
| 20:37 | Build | Farm |
| 20:39 | Build | Farm |
| 20:40 | Build | Farm |
| 20:46 | Build | Farm |
| 20:54 | Build | House |
| 20:57 | Create | Villager (Male) |
| 21:00 | Build | House |
| 21:03 | Build | House |
| 21:05 | Age | Castle Age |
| 21:18 | Research | Wheelbarrow |
| 21:24 | Build | Farm |
| 21:35 | Build | House |
| 21:37 | Build | House |
| 21:49 | Build | Farm |
| 21:51 | Create | Villager (Male) |
| 22:36 | Build | Town Center |
| 23:01 | Research | Bow Saw |
| 23:03 | Create | Villager (Male) |
| 23:20 | Create | Villager (Male) |
| 23:37 | Build | Farm |
| 23:50 | Create | Villager (Male) |
| 23:57 | Build | Farm |
| 23:59 | Build | Farm |
| 24:03 | Create | Villager (Male) |
| 24:08 | Build | Farm |
| 24:21 | Build | Gate |
| 24:24 | Create | Villager (Male) |
| 24:25 | Create | Villager (Male) |
| 24:30 | Build | Farm |
| 24:33 | Build | Farm |
| 24:36 | Build | Farm |
| 24:38 | Create | Villager (Male) |
| 24:38 | Create | Villager (Male) |
| 24:59 | Create | Villager (Male) |
| 24:59 | Create | Villager (Male) |
| 25:02 | Build | Farm |
| 25:09 | Build | Farm |
| 25:13 | Build | Farm |
| 25:16 | Create | Villager (Male) |
| 25:17 | Create | Villager (Male) |
| 25:26 | Create | Villager (Male) |
| 25:27 | Create | Villager (Male) |
| 25:51 | Build | Castle |
| 25:57 | Create | Villager (Male) |
| 25:57 | Create | Villager (Male) |
| 26:06 | Create | Villager (Male) |
| 26:06 | Create | Villager (Male) |
| 26:18 | Create | Villager (Male) |
| 26:32 | Create | Villager (Male) |
| 26:48 | Build | Town Center |
| 27:00 | Build | Stone Wall |
| 27:26 | Build | Mining Camp |
| 27:27 | Create | Villager (Male) |
| 27:28 | Create | Villager (Male) |
| 27:43 | Create | Villager (Male) |
| 27:57 | Build | Mining Camp |
| 28:02 | Research | Heavy Plow |
| 28:05 | Research | Gold Mining |
| 28:05 | Research | Stone Mining |
| 28:28 | Create | Villager (Male) |
| 28:28 | Create | Villager (Male) |
| 28:38 | Build | Barracks |
| 28:47 | Create | Unit 1949 |
| 28:47 | Create | Unit 1949 |
| 28:52 | Create | Villager (Male) |
| 28:59 | Create | Villager (Male) |
| 29:03 | Create | Unit 1949 |
| 29:05 | Create | Villager (Male) |
| 29:06 | Create | Villager (Male) |
| 29:14 | Build | Mill |
| 29:20 | Build | Farm |
| 29:25 | Build | Farm |
| 29:26 | Build | Farm |
| 29:27 | Build | Farm |
| 29:28 | Build | Farm |
| 29:34 | Research | Gold Shaft Mining |
| 29:34 | Research | Gold Shaft Mining |
| 29:52 | Build | University |
| 29:55 | Create | Villager (Male) |
| 29:55 | Create | Villager (Male) |
| 29:58 | Create | Villager (Male) |
| 29:58 | Create | Villager (Male) |
| 30:04 | Build | Farm |
| 30:11 | Build | Farm |
| 30:19 | Create | Villager (Male) |
| 30:22 | Create | Unit 1949 |
| 30:35 | Build | Castle |
| 30:39 | Research | Stone Shaft Mining |
| 30:53 | Create | Villager (Male) |
| 30:57 | Research | Hand Cart |
| 31:05 | Build | Mining Camp |
| 31:11 | Create | Unit 1949 |
| 31:27 | Research | Scale Barding Armor |
Build order — CDLP_Themachine
First 150 of 369 actions detected
| 0:57 | Build | Town Center |
| 1:56 | Build | House |
| 3:03 | Research | Loom |
| 3:39 | Create | Villager (Male) |
| 3:39 | Create | Villager (Male) |
| 4:16 | Build | Lumber Camp |
| 4:29 | Create | Villager (Male) |
| 4:29 | Create | Villager (Male) |
| 5:04 | Create | Villager (Male) |
| 5:36 | Create | Villager (Male) |
| 5:36 | Create | Villager (Male) |
| 6:03 | Create | Villager (Male) |
| 6:03 | Create | Villager (Male) |
| 6:41 | Create | Villager (Male) |
| 6:42 | Create | Villager (Male) |
| 6:42 | Create | Villager (Male) |
| 7:22 | Create | Villager (Male) |
| 7:22 | Create | Villager (Male) |
| 7:54 | Build | House |
| 8:17 | Create | Villager (Male) |
| 8:17 | Create | Villager (Male) |
| 8:36 | Create | Villager (Male) |
| 8:36 | Create | Villager (Male) |
| 8:36 | Create | Villager (Male) |
| 8:50 | Build | Mill |
| 9:09 | Create | Villager (Male) |
| 9:09 | Create | Villager (Male) |
| 10:03 | Create | Villager (Male) |
| 10:03 | Create | Villager (Male) |
| 10:04 | Create | Villager (Male) |
| 10:04 | Create | Villager (Male) |
| 10:32 | Build | Lumber Camp |
| 11:05 | Build | House |
| 11:17 | Build | Palisade Wall |
| 11:30 | Research | Feudal Age |
| 12:11 | Build | Barracks |
| 13:26 | Build | Farm |
| 13:27 | Build | Farm |
| 13:27 | Build | Farm |
| 13:27 | Build | Farm |
| 13:27 | Build | Farm |
| 13:28 | Build | Farm |
| 13:40 | Age | Feudal Age |
| 13:42 | Research | Double-Bit Axe |
| 14:07 | Research | Wheelbarrow |
| 14:08 | Create | Villager (Male) |
| 14:09 | Create | Villager (Male) |
| 14:09 | Create | Villager (Male) |
| 14:09 | Create | Villager (Male) |
| 14:10 | Create | Villager (Male) |
| 14:10 | Create | Villager (Male) |
| 14:53 | Create | Spearman |
| 15:13 | Create | Villager (Male) |
| 15:13 | Create | Villager (Male) |
| 15:13 | Create | Villager (Male) |
| 15:21 | Create | Spearman |
| 15:25 | Create | Villager (Male) |
| 15:25 | Create | Villager (Male) |
| 15:25 | Create | Villager (Male) |
| 15:26 | Create | Villager (Male) |
| 15:47 | Research | Horse Collar |
| 15:55 | Build | Mining Camp |
| 16:13 | Build | Blacksmith |
| 16:48 | Build | Farm |
| 16:51 | Build | Farm |
| 16:53 | Create | Villager (Male) |
| 16:53 | Create | Villager (Male) |
| 16:53 | Create | Villager (Male) |
| 17:18 | Build | Market |
| 17:20 | Build | House |
| 17:53 | Build | Archery Range |
| 18:10 | Build | Farm |
| 18:16 | Create | Villager (Male) |
| 18:17 | Create | Villager (Male) |
| 18:17 | Create | Villager (Male) |
| 18:54 | Build | House |
| 18:56 | Build | House |
| 18:57 | Build | House |
| 19:07 | Build | Farm |
| 19:10 | Build | Farm |
| 19:12 | Build | Farm |
| 19:17 | Build | Farm |
| 19:28 | Create | Villager (Male) |
| 19:28 | Create | Villager (Male) |
| 19:29 | Create | Villager (Male) |
| 19:29 | Create | Villager (Male) |
| 19:29 | Create | Villager (Male) |
| 19:29 | Create | Villager (Male) |
| 19:30 | Create | Villager (Male) |
| 19:39 | Build | Farm |
| 19:58 | Build | Stable |
| 20:07 | Build | Palisade Gate |
| 21:10 | Research | Castle Age |
| 21:41 | Build | Archery Range |
| 21:46 | Build | House |
| 21:50 | Build | House |
| 21:53 | Research | Gold Mining |
| 22:23 | Create | Spearman |
| 23:04 | Build | House |
| 23:11 | Build | House |
| 23:11 | Build | House |
| 23:44 | Build | Barracks |
| 23:50 | Age | Castle Age |
| 23:56 | Build | Town Center |
| 23:59 | Research | Bow Saw |
| 24:08 | Build | Town Center |
| 24:10 | Create | Villager (Male) |
| 24:10 | Create | Villager (Male) |
| 24:10 | Create | Villager (Male) |
| 24:11 | Create | Villager (Male) |
| 24:11 | Create | Villager (Male) |
| 24:11 | Create | Villager (Male) |
| 24:11 | Create | Villager (Male) |
| 24:11 | Create | Villager (Male) |
| 24:12 | Create | Villager (Male) |
| 24:12 | Create | Villager (Male) |
| 24:12 | Create | Villager (Male) |
| 24:22 | Research | Fletching |
| 24:27 | Research | Crossbowman (upgrade) |
| 24:28 | Create | Archer ×3 |
| 24:28 | Create | Archer ×3 |
| 24:35 | Research | Gold Shaft Mining |
| 24:39 | Create | Villager (Male) |
| 24:40 | Create | Villager (Male) |
| 24:40 | Create | Villager (Male) |
| 24:40 | Create | Villager (Male) |
| 24:40 | Create | Villager (Male) |
| 24:41 | Create | Villager (Male) |
| 24:57 | Build | Monastery |
| 25:00 | Build | University |
| 25:16 | Create | Villager (Male) |
| 25:16 | Create | Villager (Male) |
| 25:17 | Create | Villager (Male) |
| 25:17 | Create | Villager (Male) |
| 25:21 | Create | Villager (Male) |
| 25:22 | Create | Villager (Male) |
| 25:22 | Create | Villager (Male) |
| 25:22 | Create | Villager (Male) |
| 25:22 | Create | Villager (Male) |
| 25:22 | Create | Villager (Male) |
| 25:23 | Create | Villager (Male) |
| 25:23 | Create | Villager (Male) |
| 25:24 | Create | Villager (Male) |
| 25:24 | Create | Villager (Male) |
| 25:32 | Build | Mining Camp |
| 25:45 | Create | Villager (Male) |
| 25:45 | Create | Villager (Male) |
| 25:48 | Create | Villager (Male) |
| 25:49 | Create | Villager (Male) |
| 25:50 | Create | Villager (Male) |
Build order — chi11ed dude
First 150 of 393 actions detected
| 0:38 | Build | Town Center |
| 1:32 | Build | House |
| 2:12 | Build | House |
| 3:16 | Create | Villager (Male) |
| 3:16 | Create | Villager (Male) |
| 3:16 | Create | Villager (Male) |
| 3:17 | Create | Villager (Male) |
| 3:17 | Create | Villager (Male) |
| 4:49 | Create | Villager (Male) |
| 5:50 | Create | Villager (Male) |
| 5:50 | Create | Villager (Male) |
| 5:53 | Build | House |
| 6:35 | Create | Villager (Male) |
| 6:48 | Create | Villager (Male) |
| 7:48 | Build | Mill |
| 7:56 | Create | Villager (Male) |
| 7:56 | Create | Villager (Male) |
| 7:56 | Create | Villager (Male) |
| 7:56 | Create | Villager (Male) |
| 7:56 | Create | Villager (Male) |
| 7:57 | Create | Villager (Male) |
| 8:16 | Create | Villager (Male) |
| 9:12 | Build | Lumber Camp |
| 9:23 | Create | Villager (Male) |
| 9:40 | Create | Villager (Male) |
| 9:40 | Create | Villager (Male) |
| 9:42 | Create | Villager (Male) |
| 9:43 | Research | Loom |
| 9:50 | Build | House |
| 9:58 | Build | House |
| 10:57 | Build | Mining Camp |
| 12:06 | Build | Farm |
| 12:07 | Build | Farm |
| 12:10 | Build | Farm |
| 12:15 | Build | Farm |
| 12:29 | Research | Feudal Age |
| 12:46 | Build | Farm |
| 12:53 | Build | Farm |
| 13:16 | Create | Villager (Male) |
| 13:16 | Create | Villager (Male) |
| 13:43 | Build | Barracks |
| 14:39 | Age | Feudal Age |
| 14:51 | Build | Gate |
| 14:59 | Build | Stone Wall |
| 15:07 | Create | Villager (Male) |
| 15:07 | Create | Villager (Male) |
| 15:13 | Build | Farm |
| 15:14 | Research | Horse Collar |
| 15:25 | Research | Double-Bit Axe |
| 15:30 | Build | Farm |
| 15:37 | Build | Farm |
| 15:38 | Create | Villager (Male) |
| 15:38 | Create | Villager (Male) |
| 16:04 | Build | Farm |
| 16:08 | Build | Farm |
| 16:18 | Create | Villager (Male) |
| 16:20 | Create | Villager (Male) |
| 16:26 | Build | House |
| 16:30 | Build | Farm |
| 16:40 | Build | Farm |
| 16:54 | Build | Blacksmith |
| 17:04 | Build | Farm |
| 17:17 | Create | Villager (Male) |
| 17:18 | Create | Villager (Male) |
| 17:27 | Create | Villager (Male) |
| 17:28 | Create | Villager (Male) |
| 17:32 | Create | Villager (Male) |
| 17:32 | Create | Villager (Male) |
| 17:32 | Create | Villager (Male) |
| 17:54 | Build | Stable |
| 17:59 | Build | Farm |
| 18:16 | Build | Farm |
| 18:31 | Build | Stone Wall |
| 18:49 | Build | Farm |
| 19:13 | Build | Market |
| 19:22 | Build | Stone Wall |
| 19:27 | Create | Scout Cavalry |
| 19:40 | Build | Mining Camp |
| 19:57 | Research | Castle Age |
| 19:57 | Research | Castle Age |
| 20:44 | Create | Villager (Male) |
| 20:45 | Create | Villager (Male) |
| 21:00 | Create | Spearman |
| 21:00 | Create | Spearman |
| 21:01 | Create | Spearman |
| 21:15 | Build | Mining Camp |
| 21:40 | Research | Man-at-Arms (upgrade) |
| 21:40 | Create | Militia |
| 21:41 | Create | Militia |
| 21:41 | Create | Militia |
| 21:41 | Create | Militia |
| 21:42 | Create | Militia |
| 22:33 | Create | Villager (Male) |
| 22:33 | Create | Villager (Male) |
| 22:37 | Age | Castle Age |
| 22:51 | Build | Town Center |
| 23:07 | Research | Long Swordsman (upgrade) |
| 23:09 | Research | Squires |
| 23:16 | Create | Villager (Male) |
| 23:17 | Create | Villager (Male) |
| 23:18 | Create | Villager (Male) |
| 23:25 | Build | House |
| 23:27 | Build | House |
| 23:43 | Build | Farm |
| 23:49 | Create | Militia |
| 24:08 | Create | Militia |
| 24:16 | Create | Villager (Male) |
| 24:29 | Create | Villager (Male) |
| 24:30 | Create | Villager (Male) |
| 24:30 | Create | Villager (Male) |
| 24:30 | Create | Villager (Male) |
| 24:35 | Create | Villager (Male) |
| 24:36 | Create | Villager (Male) |
| 24:43 | Build | Siege Workshop |
| 24:47 | Create | Militia |
| 25:07 | Create | Villager (Male) |
| 25:08 | Create | Villager (Male) |
| 25:12 | Create | Villager (Male) |
| 25:26 | Research | Scale Mail Armor |
| 25:26 | Research | Forging |
| 25:50 | Create | Battering Ram |
| 25:51 | Create | Battering Ram |
| 25:52 | Create | Battering Ram |
| 25:55 | Create | Militia |
| 25:55 | Create | Militia |
| 26:19 | Build | Farm |
| 26:21 | Build | Farm |
| 26:22 | Create | Villager (Male) |
| 26:22 | Create | Villager (Male) |
| 26:29 | Create | Villager (Male) |
| 26:47 | Build | Barracks |
| 27:04 | Build | House |
| 27:06 | Build | Farm |
| 27:15 | Create | Villager (Male) |
| 27:15 | Create | Villager (Male) |
| 27:21 | Create | Militia |
| 27:21 | Create | Militia |
| 27:22 | Create | Militia |
| 27:49 | Create | Militia |
| 27:50 | Create | Militia |
| 27:50 | Create | Militia |
| 27:50 | Create | Militia |
| 27:50 | Create | Militia |
| 27:51 | Create | Militia |
| 27:51 | Create | Militia |
| 27:51 | Create | Militia |
| 27:51 | Create | Militia |
| 28:42 | Create | Battering Ram |
| 28:42 | Create | Battering Ram |
| 29:08 | Create | Villager (Male) |
Build order — セバスティアン
145 actions detected in the replay
| 0:43 | Build | Town Center |
| 1:02 | Build | Town Center |
| 2:42 | Build | House |
| 3:28 | Build | House |
| 3:48 | Create | Villager (Male) ×4 |
| 5:20 | Build | Pasture |
| 5:32 | Create | Villager (Male) |
| 5:55 | Create | Villager (Male) |
| 6:14 | Create | Villager (Male) |
| 6:53 | Create | Villager (Male) |
| 6:53 | Create | Villager (Male) |
| 7:25 | Build | Lumber Camp |
| 7:30 | Create | Villager (Male) |
| 7:30 | Create | Villager (Male) |
| 7:52 | Create | Villager (Male) |
| 8:18 | Build | House |
| 8:21 | Create | Villager (Male) |
| 8:56 | Create | Villager (Male) |
| 9:32 | Build | Mill |
| 9:36 | Create | Villager (Male) |
| 10:11 | Research | Loom |
| 10:47 | Create | Villager (Male) |
| 11:06 | Build | Pasture |
| 11:22 | Create | Villager (Male) |
| 11:27 | Build | House |
| 12:06 | Research | Feudal Age |
| 12:17 | Build | Pasture |
| 12:40 | Build | Barracks |
| 13:47 | Build | Pasture |
| 14:16 | Create | Villager (Male) |
| 14:16 | Age | Feudal Age |
| 14:25 | Build | Archery Range |
| 14:32 | Research | Double-Bit Axe |
| 14:45 | Create | Villager (Male) |
| 15:12 | Create | Villager (Male) |
| 15:23 | Create | Archer |
| 15:42 | Create | Archer |
| 15:43 | Create | Villager (Male) |
| 15:56 | Build | Pasture |
| 16:02 | Create | Archer |
| 16:19 | Create | Villager (Male) |
| 16:19 | Create | Villager (Male) |
| 16:22 | Build | House |
| 16:24 | Build | House |
| 16:33 | Build | Pasture |
| 16:34 | Create | Villager (Male) |
| 16:35 | Create | Villager (Male) |
| 17:11 | Build | Blacksmith |
| 17:53 | Build | House |
| 18:10 | Build | Stable |
| 18:35 | Create | Villager (Male) |
| 18:35 | Create | Villager (Male) |
| 18:40 | Build | House |
| 19:18 | Create | Scout Cavalry |
| 19:49 | Create | Scout Cavalry |
| 20:04 | Build | Pasture |
| 20:18 | Build | Pasture |
| 20:29 | Create | Scout Cavalry |
| 21:29 | Build | Market |
| 21:38 | Build | Pasture |
| 21:45 | Create | Villager (Male) ×5 |
| 22:44 | Build | Pasture |
| 22:53 | Research | Castle Age |
| 22:59 | Research | Castle Age |
| 23:27 | Build | Stone Wall |
| 23:31 | Build | Gate |
| 23:34 | Create | Scout Cavalry |
| 24:03 | Create | Skirmisher |
| 24:14 | Build | Pasture |
| 24:27 | Create | Skirmisher |
| 24:44 | Create | Scout Cavalry |
| 24:52 | Create | Skirmisher |
| 25:11 | Create | Scout Cavalry |
| 25:25 | Create | Skirmisher |
| 25:38 | Build | House |
| 25:40 | Age | Castle Age |
| 25:58 | Create | Steppe Lancer |
| 26:31 | Create | Skirmisher |
| 26:42 | Create | Steppe Lancer |
| 26:55 | Research | Scale Barding Armor |
| 27:03 | Create | Fire Lancer |
| 27:14 | Create | Steppe Lancer |
| 27:19 | Create | Skirmisher |
| 27:23 | Research | Fletching |
| 27:28 | Create | Villager (Male) ×3 |
| 27:41 | Build | Barracks |
| 28:01 | Create | Steppe Lancer |
| 28:04 | Create | Skirmisher |
| 28:08 | Research | Elite Skirmisher (upgrade) |
| 29:39 | Build | Town Center |
| 30:42 | Build | Town Center |
| 31:29 | Create | Villager (Male) |
| 31:29 | Create | Villager (Male) |
| 31:36 | Build | Pasture |
| 32:21 | Build | Pasture |
| 32:32 | Create | Villager (Male) ×4 |
| 32:37 | Build | House |
| 32:39 | Build | House |
| 32:41 | Build | House |
| 32:43 | Build | House |
| 32:44 | Build | House |
| 32:46 | Build | House |
| 32:48 | Build | House |
| 32:49 | Build | House |
| 33:33 | Build | Pasture |
| 33:53 | Build | House |
| 34:30 | Build | Market |
| 34:38 | Build | Pasture |
| 35:18 | Build | Town Center |
| 35:32 | Create | Villager (Male) |
| 35:32 | Create | Villager (Male) |
| 36:07 | Build | Pasture |
| 36:23 | Build | Pasture |
| 36:25 | Create | Villager (Male) |
| 36:25 | Create | Villager (Male) |
| 36:33 | Build | Pasture |
| 36:44 | Build | Pasture |
| 36:49 | Create | Villager (Male) |
| 36:49 | Create | Villager (Male) |
| 37:13 | Build | Gate |
| 37:31 | Create | Villager (Male) |
| 37:31 | Create | Villager (Male) |
| 38:00 | Build | Pasture |
| 38:33 | Build | Siege Workshop |
| 38:37 | Create | Villager (Male) ×5 |
| 39:22 | Build | Pasture |
| 40:00 | Build | University |
| 40:04 | Create | Villager (Male) |
| 40:05 | Create | Villager (Male) |
| 40:05 | Create | Villager (Male) |
| 40:07 | Create | Villager (Male) |
| 40:14 | Build | House |
| 40:16 | Build | House |
| 40:39 | Build | Lumber Camp |
| 40:50 | Build | House |
| 40:51 | Build | House |
| 40:54 | Build | House |
| 40:55 | Build | House |
| 40:55 | Build | House |
| 40:55 | Build | House |
| 41:07 | Create | Villager (Male) |
| 41:16 | Research | Imperial Age |
| 41:57 | Build | Mining Camp |
| 42:22 | Create | Villager (Male) ×5 |
| 42:34 | Build | Town Center |
Build order — squeezecheese21
First 150 of 319 actions detected
| 0:16 | Build | Town Center |
| 1:17 | Build | House |
| 2:40 | Create | Villager (Male) |
| 2:40 | Create | Villager (Male) |
| 2:41 | Create | Villager (Male) |
| 2:41 | Create | Villager (Male) |
| 3:00 | Build | House |
| 4:02 | Create | Villager (Male) |
| 4:03 | Create | Villager (Male) |
| 4:36 | Create | Villager (Male) |
| 4:36 | Create | Villager (Male) |
| 4:54 | Create | Villager (Male) |
| 4:54 | Create | Villager (Male) |
| 5:36 | Create | Villager (Male) |
| 5:36 | Create | Villager (Male) |
| 5:36 | Create | Villager (Male) |
| 6:01 | Create | Villager (Male) |
| 6:01 | Create | Villager (Male) |
| 6:28 | Create | Villager (Male) |
| 6:28 | Create | Villager (Male) |
| 7:03 | Create | Villager (Male) |
| 7:03 | Create | Villager (Male) |
| 7:11 | Build | House |
| 7:51 | Create | Villager (Male) |
| 7:51 | Create | Villager (Male) |
| 7:52 | Create | Villager (Male) |
| 7:52 | Create | Villager (Male) |
| 7:57 | Build | House |
| 8:20 | Create | Villager (Male) |
| 8:21 | Create | Villager (Male) |
| 8:49 | Build | Palisade Gate |
| 9:02 | Build | Palisade Wall |
| 9:09 | Build | Palisade Wall |
| 9:29 | Create | Villager (Male) |
| 9:29 | Create | Villager (Male) |
| 10:28 | Create | Villager (Male) |
| 10:29 | Create | Villager (Male) |
| 10:48 | Build | Lumber Camp |
| 11:07 | Build | Mill |
| 11:36 | Build | Farm |
| 11:36 | Build | Farm |
| 11:36 | Build | Farm |
| 11:36 | Build | Farm |
| 11:37 | Build | Farm |
| 11:37 | Build | Farm |
| 11:37 | Build | Farm |
| 11:41 | Research | Feudal Age |
| 12:00 | Build | House |
| 12:07 | Build | House |
| 12:15 | Build | Palisade Wall |
| 12:54 | Build | Barracks |
| 13:46 | Create | Villager (Male) |
| 13:51 | Age | Feudal Age |
| 13:54 | Research | Horse Collar |
| 13:55 | Research | Double-Bit Axe |
| 14:26 | Create | Villager (Male) |
| 14:29 | Research | Wheelbarrow |
| 15:06 | Build | Archery Range |
| 15:07 | Build | Archery Range |
| 15:14 | Create | Villager (Male) |
| 15:25 | Build | Farm |
| 15:35 | Create | Villager (Male) |
| 15:40 | Build | Mining Camp |
| 15:57 | Build | Blacksmith |
| 16:01 | Build | Palisade Gate |
| 16:14 | Create | Villager (Male) |
| 16:19 | Create | Skirmisher |
| 16:28 | Research | Man-at-Arms (upgrade) |
| 16:37 | Create | Villager (Male) |
| 16:46 | Research | Gold Mining |
| 17:03 | Create | Skirmisher |
| 17:03 | Create | Skirmisher |
| 17:24 | Create | Villager (Male) |
| 17:27 | Create | Skirmisher |
| 17:30 | Create | Skirmisher |
| 17:39 | Create | Skirmisher |
| 17:54 | Create | Villager (Male) |
| 18:32 | Create | Skirmisher |
| 18:32 | Create | Skirmisher |
| 18:47 | Research | Fletching |
| 18:49 | Create | Villager (Male) |
| 19:34 | Research | Padded Archer Armor |
| 19:36 | Create | Villager (Male) |
| 19:39 | Build | Farm |
| 20:13 | Create | Spearman |
| 20:25 | Create | Skirmisher |
| 20:25 | Create | Skirmisher |
| 20:37 | Build | Farm |
| 20:37 | Build | Farm |
| 20:38 | Build | Farm |
| 20:38 | Build | Farm |
| 20:38 | Build | Farm |
| 20:39 | Build | Farm |
| 20:39 | Build | Farm |
| 20:39 | Build | Farm |
| 20:39 | Build | Farm |
| 20:40 | Build | Farm |
| 20:40 | Build | Farm |
| 20:40 | Build | Farm |
| 20:40 | Build | Farm |
| 21:00 | Create | Skirmisher |
| 21:00 | Create | Skirmisher |
| 21:15 | Create | Skirmisher |
| 21:15 | Create | Skirmisher |
| 21:24 | Research | Forging |
| 21:46 | Create | Skirmisher |
| 21:46 | Create | Skirmisher |
| 21:46 | Create | Skirmisher |
| 22:02 | Create | Spearman |
| 22:03 | Create | Spearman |
| 22:03 | Create | Spearman |
| 22:09 | Create | Skirmisher |
| 22:10 | Create | Skirmisher |
| 22:10 | Create | Skirmisher |
| 22:10 | Create | Skirmisher |
| 22:22 | Research | Scale Mail Armor |
| 22:22 | Research | Scale Mail Armor |
| 22:30 | Create | Skirmisher |
| 22:31 | Create | Skirmisher |
| 22:50 | Create | Spearman |
| 22:51 | Create | Skirmisher |
| 22:51 | Create | Skirmisher |
| 22:52 | Create | Skirmisher |
| 22:58 | Create | Villager (Male) |
| 23:01 | Research | Loom |
| 23:10 | Build | Mining Camp |
| 23:14 | Build | House |
| 23:15 | Build | House |
| 23:16 | Build | House |
| 23:17 | Build | House |
| 23:44 | Build | Palisade Wall |
| 24:25 | Create | Skirmisher |
| 24:25 | Create | Skirmisher |
| 24:46 | Create | Skirmisher |
| 24:58 | Build | Stone Wall |
| 25:01 | Build | Stone Wall |
| 25:06 | Build | Stone Wall |
| 25:08 | Build | Stone Wall |
| 25:26 | Build | Stone Wall |
| 25:29 | Build | Stone Wall |
| 26:00 | Research | Castle Age |
| 26:03 | Research | Stone Mining |
| 26:10 | Build | House |
| 26:11 | Build | House |
| 26:17 | Research | Town Watch |
| 26:44 | Create | Skirmisher |
| 26:44 | Create | Skirmisher |
| 26:47 | Create | Skirmisher |
| 27:27 | Create | Skirmisher |
| 27:28 | Create | Skirmisher |
Build order — Hellskitchen532
First 150 of 369 actions detected
| 0:37 | Build | Town Center |
| 2:37 | Build | House |
| 2:41 | Build | House |
| 3:25 | Create | Villager (Male) |
| 3:25 | Create | Villager (Male) |
| 3:25 | Create | Villager (Male) |
| 3:25 | Create | Villager (Male) |
| 3:26 | Create | Villager (Male) |
| 4:33 | Research | Loom |
| 4:50 | Create | Villager (Male) |
| 4:50 | Create | Villager (Male) |
| 4:51 | Create | Villager (Male) |
| 6:32 | Create | Villager (Male) |
| 6:33 | Create | Villager (Male) |
| 6:33 | Create | Villager (Male) |
| 6:34 | Create | Villager (Male) |
| 8:25 | Create | Villager (Male) |
| 8:33 | Build | House |
| 8:36 | Create | Villager (Male) |
| 9:01 | Create | Villager (Male) |
| 9:10 | Build | House |
| 9:33 | Build | House |
| 9:42 | Build | Lumber Camp |
| 9:45 | Create | Villager (Male) |
| 10:11 | Build | Barracks |
| 10:13 | Create | Villager (Male) |
| 10:46 | Create | Villager (Male) |
| 11:21 | Build | House |
| 11:24 | Research | Feudal Age |
| 11:53 | Build | Mill |
| 12:26 | Create | Villager (Male) |
| 13:34 | Age | Feudal Age |
| 13:40 | Research | Double-Bit Axe |
| 13:44 | Create | Villager (Male) |
| 13:51 | Build | Stable |
| 14:05 | Create | Villager (Male) |
| 14:05 | Create | Villager (Male) |
| 14:47 | Build | House |
| 14:47 | Build | House |
| 14:53 | Build | House |
| 14:59 | Create | Scout Cavalry |
| 14:59 | Create | Scout Cavalry |
| 14:59 | Create | Scout Cavalry |
| 15:00 | Create | Scout Cavalry |
| 15:03 | Create | Scout Cavalry |
| 15:12 | Research | Horse Collar |
| 15:15 | Create | Villager (Male) |
| 15:15 | Create | Villager (Male) |
| 15:21 | Build | Farm |
| 15:21 | Build | Farm |
| 15:21 | Build | Farm |
| 15:22 | Build | Farm |
| 15:30 | Build | House |
| 15:36 | Build | Palisade Wall |
| 15:46 | Create | Villager (Male) |
| 16:11 | Build | Mill |
| 16:23 | Create | Villager (Male) |
| 16:34 | Create | Scout Cavalry |
| 16:59 | Build | Palisade Wall |
| 17:30 | Create | Villager (Male) |
| 17:31 | Create | Villager (Male) |
| 18:00 | Build | Mining Camp |
| 18:03 | Build | Farm |
| 18:04 | Build | Farm |
| 18:22 | Create | Villager (Male) |
| 18:33 | Create | Scout Cavalry |
| 18:57 | Create | Villager (Male) |
| 18:58 | Create | Villager (Male) |
| 19:01 | Create | Villager (Male) |
| 19:10 | Build | Palisade Wall |
| 19:28 | Build | Blacksmith |
| 19:31 | Build | Market |
| 20:31 | Create | Villager (Male) |
| 20:40 | Create | Villager (Male) |
| 20:50 | Build | House |
| 20:51 | Build | House |
| 20:58 | Research | Castle Age |
| 21:07 | Build | Palisade Gate |
| 21:19 | Research | Gold Mining |
| 21:27 | Build | Stable |
| 21:36 | Research | Bloodlines |
| 21:45 | Build | House |
| 21:46 | Build | House |
| 21:58 | Research | Scale Barding Armor |
| 21:58 | Research | Forging |
| 22:18 | Create | Villager (Male) |
| 23:01 | Build | Mill |
| 23:08 | Build | House |
| 23:09 | Build | House |
| 23:10 | Build | House |
| 23:41 | Age | Castle Age |
| 23:44 | Build | Town Center |
| 23:50 | Create | Villager (Male) |
| 23:51 | Create | Villager (Male) |
| 23:54 | Research | Bow Saw |
| 24:01 | Research | Heavy Plow |
| 24:05 | Research | Gold Shaft Mining |
| 24:27 | Build | House |
| 24:28 | Build | House |
| 24:30 | Build | House |
| 24:37 | Create | Villager (Male) |
| 24:37 | Create | Villager (Male) |
| 24:44 | Create | Steppe Lancer |
| 24:54 | Create | Camel Scout |
| 24:54 | Create | Camel Scout |
| 24:54 | Create | Camel Scout |
| 25:02 | Research | Husbandry |
| 25:26 | Create | Villager (Male) |
| 25:26 | Create | Villager (Male) |
| 25:27 | Research | Town Watch |
| 25:45 | Build | Palisade Wall |
| 25:54 | Create | Villager (Male) |
| 25:54 | Create | Villager (Male) |
| 25:55 | Create | Villager (Male) |
| 26:06 | Build | Monastery |
| 26:10 | Create | Villager (Male) |
| 26:11 | Create | Villager (Male) |
| 26:21 | Create | Villager (Male) |
| 26:21 | Create | Villager (Male) |
| 26:22 | Create | Villager (Male) |
| 26:27 | Create | Villager (Male) |
| 26:49 | Create | Steppe Lancer |
| 26:49 | Create | Steppe Lancer |
| 26:49 | Create | Steppe Lancer |
| 26:58 | Create | Villager (Male) |
| 26:58 | Create | Villager (Male) |
| 27:03 | Create | Monk |
| 27:08 | Create | Steppe Lancer |
| 27:08 | Create | Steppe Lancer |
| 27:09 | Create | Steppe Lancer |
| 27:26 | Build | Town Center |
| 27:42 | Create | Villager (Male) |
| 27:42 | Create | Villager (Male) |
| 27:42 | Create | Villager (Male) |
| 27:53 | Build | House |
| 27:55 | Build | House |
| 27:56 | Build | House |
| 27:58 | Create | Villager (Male) |
| 27:58 | Create | Villager (Male) |
| 28:15 | Research | Wheelbarrow |
| 28:25 | Build | Farm |
| 28:25 | Build | Farm |
| 28:25 | Build | Farm |
| 28:26 | Build | Farm |
| 28:26 | Build | Farm |
| 28:30 | Build | Farm |
| 28:48 | Create | Villager (Male) |
| 28:48 | Create | Villager (Male) |
| 28:59 | Build | Mill |
| 29:29 | Create | Steppe Lancer |
Match timeline
| 0:53 | Shalashaska · wall_segment Palisade Wall x2 |
| 9:02 | squeezecheese21 · wall_segment Palisade Wall x1 |
| 9:09 | squeezecheese21 · wall_segment Palisade Wall x1 |
| 10:11 | Hellskitchen532 · first_building Barracks |
| 11:17 | CDLP_Themachine · wall_segment Palisade Wall x1 |
| 12:11 | CDLP_Themachine · first_building Barracks |
| 12:15 | squeezecheese21 · wall_segment Palisade Wall x1 |
| 12:40 | セバスティアン · first_building Barracks |
| 12:54 | squeezecheese21 · first_building Barracks |
| 13:34 | Hellskitchen532 · age_up feudal |
| 13:40 | CDLP_Themachine · age_up feudal |
| 13:43 | chi11ed dude · first_building Barracks |
| 13:51 | squeezecheese21 · age_up feudal |
| 13:51 | Hellskitchen532 · first_building Stable |
| 14:16 | セバスティアン · age_up feudal |
| 14:22 | Le$bean · first_building Barracks |
| 14:25 | セバスティアン · first_building Archery Range |
| 14:39 | chi11ed dude · age_up feudal |
| 14:59 | chi11ed dude · wall_segment Stone Wall x4 |
| 15:06 | squeezecheese21 · first_building Archery Range |
| 15:36 | Hellskitchen532 · wall_segment Palisade Wall x6 |
| 16:33 | Le$bean · wall_segment Palisade Wall x1 |
| 16:49 | Shalashaska · first_building Barracks |
| 16:59 | Hellskitchen532 · wall_segment Palisade Wall x12 |
| 17:00 | Imtrashataoe · age_up feudal |
| 17:35 | Shalashaska · age_up feudal |
| 17:53 | CDLP_Themachine · first_building Archery Range |
| 17:54 | chi11ed dude · first_building Stable |
| 18:10 | セバスティアン · first_building Stable |
| 18:18 | Le$bean · age_up feudal |
| 18:31 | chi11ed dude · wall_segment Stone Wall x1 |
| 18:49 | Le$bean · first_building Stable |
| 19:10 | Hellskitchen532 · wall_segment Palisade Wall x5 |
| 19:22 | chi11ed dude · wall_segment Stone Wall x1 |
| 19:58 | CDLP_Themachine · first_building Stable |
| 20:14 | Imtrashataoe · wall_segment Stone Wall x20 |
| 20:21 | Imtrashataoe · wall_segment Stone Wall x1 |
| 21:05 | Imtrashataoe · age_up castle |
| 21:16 | Imtrashataoe · first_market_buy 100 food |
| 21:56 | Imtrashataoe · first_market_sell 100 stone |
| 22:37 | chi11ed dude · age_up castle |
| 22:48 | セバスティアン · first_market_sell 500 wood |
| 22:50 | セバスティアン · first_market_buy 100 food |
| 23:01 | Shalashaska · wall_segment Stone Wall x16 |
| 23:27 | セバスティアン · wall_segment Stone Wall x13 |
| 23:41 | Hellskitchen532 · age_up castle |
| 23:44 | squeezecheese21 · wall_segment Palisade Wall x3 |
| 23:50 | CDLP_Themachine · age_up castle |
| 24:43 | chi11ed dude · first_building Siege Workshop |
| 24:57 | CDLP_Themachine · first_building Monastery |
| 24:58 | squeezecheese21 · wall_segment Stone Wall x1 |
| 25:01 | squeezecheese21 · wall_segment Stone Wall x1 |
| 25:06 | squeezecheese21 · wall_segment Stone Wall x1 |
| 25:08 | squeezecheese21 · wall_segment Stone Wall x1 |
| 25:16 | Le$bean · age_up castle |
| 25:26 | squeezecheese21 · wall_segment Stone Wall x1 |
| 25:29 | squeezecheese21 · wall_segment Stone Wall x3 |
| 25:40 | セバスティアン · age_up castle |
| 25:45 | Hellskitchen532 · wall_segment Palisade Wall x7 |
| 25:51 | Imtrashataoe · first_building Castle |
| 26:06 | Hellskitchen532 · first_building Monastery |
| 26:24 | Shalashaska · first_market_buy 100 food |
| 26:28 | Shalashaska · first_market_sell 100 wood |
| 26:32 | Le$bean · first_building Castle |
| 26:52 | Le$bean · wall_segment Stone Wall x3 |
| 27:00 | Imtrashataoe · wall_segment Stone Wall x10 |
| 28:38 | Imtrashataoe · first_building Barracks |
| 28:40 | squeezecheese21 · age_up castle |
| 29:35 | chi11ed dude · first_building Castle |
| 29:40 | squeezecheese21 · first_building Castle |
| 29:45 | Shalashaska · age_up castle |
| 29:53 | Hellskitchen532 · first_market_buy 100 food |
| 30:20 | Le$bean · wall_segment Stone Wall x16 |
| 30:27 | Le$bean · wall_segment Stone Wall x12 |
| 30:32 | Le$bean · wall_segment Stone Wall x8 |
| 30:43 | chi11ed dude · first_building Monastery |
| 30:50 | CDLP_Themachine · first_market_sell 100 wood |
| 31:00 | Le$bean · wall_segment Stone Wall x8 |
| 33:09 | Imtrashataoe · first_building Archery Range |
| 33:28 | Le$bean · wall_segment Stone Wall x6 |
| 33:54 | Le$bean · wall_segment Stone Wall x1 |
| 34:03 | Le$bean · wall_segment Stone Wall x1 |
| 34:04 | Le$bean · wall_segment Stone Wall x1 |
| 34:04 | CDLP_Themachine · age_up imperial |
| 34:29 | CDLP_Themachine · first_building Siege Workshop |
| 34:58 | Hellskitchen532 · wall_segment Stone Wall x15 |
| 35:53 | chi11ed dude · first_market_sell 100 stone |
| 36:16 | Imtrashataoe · first_building Stable |
| 36:16 | CDLP_Themachine · first_building Castle |
| 36:19 | Hellskitchen532 · wall_segment Stone Wall x12 |
| 36:35 | Shalashaska · wall_segment Stone Wall x9 |
| 37:01 | Hellskitchen532 · first_building Castle |
| 37:44 | Shalashaska · wall_segment Stone Wall x4 |
| 37:50 | Shalashaska · wall_segment Stone Wall x8 |
| 38:33 | セバスティアン · first_building Siege Workshop |
| 38:57 | Le$bean · first_building Monastery |
| 39:02 | squeezecheese21 · age_up imperial |
| 39:10 | chi11ed dude · age_up imperial |
| 40:17 | Shalashaska · wall_segment Stone Wall x19 |
| 40:40 | Le$bean · age_up imperial |
| 40:41 | Hellskitchen532 · first_building Siege Workshop |
| 40:57 | Shalashaska · wall_segment Stone Wall x19 |
| 42:06 | Imtrashataoe · age_up imperial |
| 42:56 | Hellskitchen532 · first_market_sell 100 wood |
| 43:21 | セバスティアン · resign |
| 43:32 | Shalashaska · first_building Castle |
| 44:45 | Shalashaska · first_building Siege Workshop |
| 46:26 | Hellskitchen532 · age_up imperial |
| 46:34 | CDLP_Themachine · wall_segment Stone Wall x12 |
| 46:38 | Shalashaska · first_building Monastery |
| 50:41 | CDLP_Themachine · first_market_buy 100 food |
[ AI ANALYSIS · 1 CREDIT ]
What really happened in this match?
Wolo.gg analyzes every decision: build order, eco, micro, common mistakes by bracket. Personalized analysis on WhatsApp or Discord in 30 seconds.
Civ guide
Poles
Perfil
Jugador #5555701